 Dungeon Crawl Stone Soup version 0.31-a0-459-gc8a9bf3d51 (webtiles) character file.

Game seed: 10846257944183565573

562 MacCMillion the Ruffian (level 7, 38/60 HPs)
             Began as a Black Draconian Shapeshifter on Aug 4, 2023.
             Quit the game on level 4 of the Dungeon.
             The game lasted 00:06:52 (4276 turns).

MacCMillion the Ruffian (DrSh)                      Turns: 4276, Time: 00:06:52

Health: 38/60      AC:  6    Str: 20    XL:     7   Next: 10%
Magic:  7/7        EV: 12    Int:  8    God:
Gold:   223        SH:  0    Dex: 11    Spells: 6/6 levels left

rFire   . .          .
                       - Unarmed
rCold   . . .        (no shield)
rNeg    . . .        (body armour unavailable)
rPois   .            (helmet currently unavailable)
rElec   +            (cloak currently unavailable)
rCorr   .            (gloves currently unavailable)
SInv    .            (boots currently unavailable)
Will    .....        (no amulet)
Stlth   +            (no ring)
HPRegen 0.30/turn    (no ring)
MPRegen 0.10/turn

%: no passive effects
@: beast-form
A: beast (slay +2), breathe lightning, AC +6, unfitting armour, electricity
resistance, cold-blooded
a: Breathe Lightning, Begin Untransformation


You were on level 4 of the Dungeon.
You were a hulking beast.
You visited 1 branch of the dungeon, and saw 4 of its levels.

You collected 223 gold pieces.

Inventory:

Missiles
 p - 2 throwing nets
Talismans
 b - a beast talisman (active)
Scrolls
 e - a scroll of identify {unknown}
 g - a scroll of torment {unknown}
 j - 2 scrolls of enchant weapon {unknown}
 l - a scroll of poison {unknown}
 o - a scroll of teleportation {unknown}
Potions
 a - a potion of experience {unknown}
 c - a potion of curing {unknown}
 d - 3 potions of attraction {unknown}
 f - a potion of heal wounds {unknown}
 h - a potion of cancellation {unknown}
 i - a potion of ambrosia {unknown}
 k - a potion of haste {unknown}
 m - a potion of brilliance {unknown}
 n - a potion of mutation {unknown}


   Skills:
 + Level 4.7 Fighting
 - Level 1.7 Dodging
 * Level 6.9 Unarmed Combat
 - Level 3.0 Shapeshifting


You had 6 spell levels left.
You didn't know any spells.
Your spell library contained the following spells:

 Spells                   Type           Power      Damage    Failure   Level
 Magic Dart               Conj           0%         1d3       41%         1
 Call Imp                 Summ           0%         N/A       54%         2
 Mephitic Cloud           Conj/Pois/Air  0%         N/A       78%         3
 Simulacrum               Ice/Necr       0%         N/A       100%        6
 Ozocubu's Refrigeration  Ice            0%         4d7       100%        7
 Polar Vortex             Ice            0%         N/A       100%        9


Dungeon Overview and Level Annotations

Branches:
Dungeon (4/15)
 Temple: D:4-7

Altars:
Dithmenos
Makhleb

Shops:
D:3 (

Annotations:
D:2 Terence


Innate Abilities, Weirdness & Mutations

You are a hulking beast.
Your limbs bulge with bestial killing power. (Slay +2)
You can breathe wild blasts of lightning.
Your glossy black scales are hard. (AC +6)
You cannot fit into any form of body armour.
You are resistant to electric shocks. (rElec)
You are cold-blooded and may be slowed by cold attacks.


Message History

The orc shouts!
The gnoll completely misses you.
The gnoll shouts!
You hit the gnoll.
The gnoll is heavily wounded.
The gnoll barely misses you.
You hit the gnoll. You tail-slap the gnoll.
You kill the gnoll!
The orc closely misses you.
You closely miss the orc. You punch the orc.
The orc is heavily wounded.
The orc closely misses you. The gnoll hits you with a +0 club.
You punch the orc!
You kill the orc!
The gnoll hits you with a +0 club!
You hit the gnoll.
The gnoll is lightly wounded.
The gnoll hits you with a +0 club.
You hit the gnoll.
Your tail-slap misses the gnoll.
The gnoll is moderately wounded.
The gnoll hits you with a +0 club.
You punch the gnoll!
You kill the gnoll!
There is a huge open gate, spattered with blood here.
Things that are here:
a +0 club; a +0 club A gnoll comes into view.
It is wielding a +0 flail.
The gnoll shouts!
There is an open door here.
The gnoll throws a boomerang.
The boomerang misses you. The gnoll closely misses you.
A gnoll comes into view. It is wielding a +0 club.
You hit the gnoll.
The gnoll is heavily wounded.
You closely miss the gnoll.
The gnoll is heavily wounded.
The gnoll hits you with a +0 flail!
You punch the gnoll!
You kill the gnoll!
Are you sure you want to abandon this character and quit the game? (Confirm with "yes".)

####################))))#......##
..................).))...........
~~~~~~≈≈~~~)~~≈≈≈~≈....~≈~~~~~~≈≈
~≈≈~≈≈≈≈≈≈≈≈~≈≈≈≈≈~)...~~≈≈≈≈~~≈≈
~≈#####~≈~~~~~~~~≈~....~~≈≈≈~~~~≈
~≈#...#.............)............
~≈#...#############'))'##########
~≈###'# .........#....#....
~≈≈.#.' ......)h.'....'.... ~≈~.#
..g......#....#..... ≈≈~.#
#################### ~≈≈.# ~~~.#
~≈≈.# ~≈~.# ~≈~.#.# ≈≈###'#


You could see a gnoll.

Vanquished Creatures
  A scorpion (D:3)
  A howler monkey (D:4)
  A hound (D:4)
  A jelly (D:3)
  Jessica (D:3)
  A sleepcap (D:4)
  22 gnolls
  3 adders (D:3)
  3 dart slugs
  A worm (D:2)
  15 orcs
  7 bats
  4 endoplasms
  2 giant cockroaches
  4 goblins
  6 hobgoblins
  15 jackals
  3 quokkas
  8 ball pythons
  5 frilled lizards
  5 kobolds
  6 rats
115 creatures vanquished.

Notes
Turn   | Place    | Note
-------+----------+-------------------------------------------
     0 | D:1      | MacCMillion the Draconian Shapeshifter began the quest for
                  | the Orb.
     0 | D:1      | Reached XP level 1. HP: 16/16 MP: 1/1
   154 | D:1      | Found a faded altar of an unknown god.
   243 | D:1      | Reached XP level 2. HP: 23/23 MP: 2/2
   940 | D:2      | Noticed Terence
  1049 | D:2      | Reached XP level 3. HP: 22/29 MP: 3/3
  1071 | D:2      | Reached skill level 4 in Unarmed Combat
  1372 | D:2      | Reached XP level 4. HP: 37/37 MP: 4/4
  2277 | D:3      | Noticed Jessica
  2282 | D:3      | Killed Jessica
  2283 | D:3      | Reached skill level 5 in Unarmed Combat
  2283 | D:3      | Reached XP level 5. HP: 41/45 MP: 5/5
  2423 | D:3      | Found Xomoerio's Antique Weapon Boutique.
  3293 | D:4      | Found a burning altar of Makhleb.
  3317 | D:4      | Reached XP level 6. HP: 52/52 MP: 6/6
  3370 | D:4      | Found a shadowy altar of Dithmenos.
  3537 | D:4      | Reached skill level 6 in Unarmed Combat
  4249 | D:4      | Your scales start taking on a glossy black colour.
  4249 | D:4      | Reached XP level 7. HP: 53/60 MP: 7/7
  4249 | D:4      | Gained mutation: You are resistant to electric shocks.
                  | (rElec) [Black Draconian growth]
  4276 | D:4      | Quit the game

Illustrated notes

Levels and vault maps discovered:
D:1:      lemuel_arrival_rhombus, layout_loops_corners, basic_ecumenical_altar,
          grunt_decor_resistance, st_stairs_10
D:2:      minmay_general_purpose_star, layout_loops_ring, uniq_terence
D:3:      layout_basic, serial_shops, shop, nicolae_houndstooth_variations,
          uniq_jessica
D:4:      lemuel_castle_with_subvaults [lemuel_castle_interior_carwin_1],
          layout_basic, grunt_dithmenos_smoke_and_mirrors, amcnicky_altar_gilded

Skill      XL: |  1  2  3  4  5  6 |
---------------+-------------------+-----
Fighting       | 2 3 4 |  4.7
Unarmed Combat | 4 5 6 |  6.9
Dodging        | |  1.7
Shapeshifting  | |  3.0

Action                     |  1- 3 |  4- 6 |  7- 9 || total
---------------------------+-------+-------+-------++-------
  Melee: Unarmed           |    79 |   206 |    12 ||   297
         Tailslap          |     7 |    29 |     1 ||    37
         Punch             |       |     7 |     1 ||     8
    Use: Potion            |       |     1 |       ||     1
   Stab: Sleeping          |       |     1 |       ||     1
 Armour: Skin              |    25 |    52 |       ||    77
  Dodge: Dodged            |    35 |   110 |     7 ||   152

Table legend: (Time is in decaauts)
 A = Elapsed time spent in this place.
 B = Non-inter-level travel time spent in this place.
 C = Inter-level travel time spent in this place.
 D = Time resting spent in this place.
 E = Time spent auto-exploring this place.
 F = Levels seen in this place.
 G = Mean time per level.
                   A        B        C        D        E       F      G
               +--------+--------+--------+--------+--------+-----+--------+
         Total |   4255 |   4124 |    131 |    882 |   2431 |   4 | 1063.8 |
       Dungeon |   4255 |   4124 |    131 |    882 |   2431 |   4 | 1063.8 |
               +--------+--------+--------+--------+--------+-----+--------+

Top non-repeatable levels by time:
     D:3: 1511 daAuts
     D:4: 990 daAuts
     D:1: 917 daAuts
     D:2: 836 daAuts
